[Event "Schack-SM 2023: Mastarklassen"]
[Site "Helsingborg Arena, Mellersta Stenbocksgatan 14, Helsingborg, Sweden"]
[Date "2023.07.07"]
[Round "7.9"]
[White "Troberg Eskola, Love"]
[Black "Persson, Lars 1971"]
[Result "1-0"]
[TimeControl "90 minutes for 40 moves + 30 minutes for the rest of games + 30 seconds per move from move one."]
[WhiteElo "2038"]
[BlackElo "1941"]

1. c4 e5 2. Nc3 Bb4 3. Qb3 Bxc3 4. Qxc3 Nc6 5. b4 Qe7 6. b5 Nd8 7. Bb2 d6 8. f4 f6 9. fxe5 fxe5 10.
g3 Nf6 11. Bg2 O-O 12. Nf3 a6 13. a4 axb5 14. axb5 Rxa1+ 15. Bxa1 Ne6 16. O-O Ne4 17. Qa3 N4c5 18. Rb1 Qf7 19.
Qe3 Qg6 20. d3 Bd7 21. Bc3 Ra8 22. Bb4 Ra2 23. Nxe5 dxe5 24. Bxc5 Nxc5 25. Qxc5 Rxe2 26. Qxc7 Rxg2+ 27. Kxg2 Qxd3 28. Qd8+ Kf7 29. Rf1+ Kg6 30.
Qb6+ Kh5 31. Rf7 Qe4+ 32. Kg1 Bh3 33. g4+ Qxg4+ 34. Kf2 Qg2+ 35. Ke1 Qh1+ 36. Kd2 Qxh2+ 37. Qf2 Qxf2+ 38. Rxf2 Be6 39.
c5 Kg5 40. Rf8 Bd5 41. Rd8 Bc4 42. c6 bxc6 43. b6 Ba6 44.
Ra8 Bb7 45. Ra7 Bc8 46. Rc7 Ba6 47. Kc3 c5 48. Rxc5 Kf4 49. Kb4 e4 50. Ra5 Bb7 51. Ra7 Bd5 52. Kc5 Ke5 53. Re7 Kf6 54.
Kxd5 Kxe7 55. b7 1-0

[ePGN "0.1;DGT LiveChess/2.2.5"]

[Event "Schack-SM 2023: Junior-SM"]
[Site "Helsingborg Arena, Mellersta Stenbocksgatan 14, Helsingborg, Sweden"]
[Date "2023.07.07"]
[Round "7.1"]
[White "Seo, Jung Hyun"]
[Black "Strom-Engdahl, Alexander"]
[Result "1/2-1/2"]
[TimeControl "90 minutes for 40 moves + 30 minutes for the rest of the game + 30 seconds per move from move one."]
[WhiteElo "2124"]
[BlackElo "2120"]

1. d4 Nf6 2. c4 e6 3. Nf3 d5 4. g3 dxc4 5. Bg2 c5 6. O-O Nc6 7. dxc5 Qxd1 8. Rxd1 Bxc5 9. Nbd2 c3 10.
bxc3 O-O 11. Nb3 Be7 12.
Nfd4 Bd7 13. Bg5 Rfd8 14. Rab1 Rac8 15. Nb5 Be8 16. Rxd8 Rxd8 17. N3d4 Nxd4 18. cxd4 Bxb5 19. Rxb5 b6 20.
e3 Kf8 21. a4 Ne8 22. Bxe7+ 1/2-1/2

[Event "Schack-SM 2023: Junior-SM"]
[Site "Helsingborg Arena, Mellersta Stenbocksgatan 14, Helsingborg, Sweden"]
[Date "2023.07.07"]
[Round "7.2"]
[White "Joensson, Oscar"]
[Black "Dingertz, Erik"]
[Result "1-0"]
[TimeControl "90 minutes for 40 moves + 30 minutes for the rest of the game + 30 seconds per move from move one."]
[WhiteElo "2077"]
[BlackElo "2090"]

1. d4 Nf6 2. c4 e6 3. g3 d5 4. Bg2 Be7 5. Nf3 O-O 6. O-O dxc4 7. Qc2 a6 8. a4 Bd7 9. Qxc4 Bc6 10.
Bf4 Bd6 11. Bg5 h6 12. Bxf6 Qxf6 13. Nc3 Bxf3 14. Bxf3 c6 15. Ne4 Qe7 16. Nxd6 Qxd6 17. a5 Nd7 18. Rfd1 Nf6 19. e4 e5 20.
Ra3 Rfe8 21. Rad3 Rac8 22. Bg2 exd4 23. Rxd4 Qe5 24. Bh3 Rc7 25. b4 c5 26. Rd8 Rce7 27. bxc5 Qxe4 28. Rxe8+ Rxe8 29.
Qb3 Qe2 30. Bf1 Qh5 31. Rc1 Re7 32. Bg2 Nd7 33. Qxb7 Qg5 34. f4 Qf6 35. c6 Qd4+ 36. Kh1 Qe3 37. Rf1 Nc5 38. Qb8+ Re8 39.
c7 Qe6 40. f5 Qd7 41. Rb1 Kh7 42. Qb6 Qxf5 43. Rf1 Qe5 44. Rc1 Qf5 45. Qxc5 Re1+ 46. Qg1 Rxg1+ 47. Kxg1 1-0

[ePGN "0.1;DGT LiveChess/2.2.5"]

[Event "Schack-SM 2023: Sverigemastarklassen"]
[Site "Helsingborg Arena, Mellersta Stenbocksgatan 14, Helsingborg, Sweden"]
[Date "2023.07.07"]
[Round "7.1"]
[White "Johansson, Linus"]
[Black "Pantzar, Milton"]
[Result "1/2-1/2"]
[TimeControl "90 minutes for 40 moves + 30 minutes for the rest of the game + 30 seconds per move from move one."]
[WhiteTitle "IM"]
[BlackTitle "IM"]
[WhiteFideId "1711113"]
[BlackFideId "1721003"]
[WhiteElo "2466"]
[BlackElo "2442"]

1. d4 d5 2. c4 e6 3. Nc3 Nf6 4. cxd5 exd5 5. Bg5 c6 6. e3 Be7 7. Bd3 Nbd7 8. Qc2 O-O 9. Nge2 Re8 10.
O-O Nf8 11. Rab1 a5 12. f3 Ng6 13. Kh1 h6 14. Bxf6 Bxf6 15. Qd2 b5 16. Rbe1 Ra7 17. Ng1 Rae7 18. g3 Nf8 19. f4 Bb7 20.
Nf3 Ne6 21. Ne5 Bxe5 22. fxe5 b4 23. Ne2 c5 24. h4 Qb6 25. Kh2 Ba6 26. Nf4 Bxd3 27. Qxd3 Rd8 28. Rc1 cxd4 29. Nxe6 Rxe6 30.
exd4 Rc6 31. Qf5 Rxc1 32. Qxf7+ Kh8 33. Rxc1 Qxd4 34. Qf4 Qxb2+ 35. Kh3 Qe2 36. Rc7 Re8 37. Rxg7 Kxg7 38. Qf6+ Kg8 39.
Qg6+ Kf8 40. Qf6+ Kg8 41. Qg6+ Kf8 1/2-1/2

[Event "Schack-SM 2023: Junior-SM"]
[Site "Helsingborg Arena, Mellersta Stenbocksgatan 14, Helsingborg, Sweden"]
[Date "2023.07.07"]
[Round "7.3"]
[White "Persson, Sebastian 2007"]
[Black "Ostlund, Joar"]
[Result "0-1"]
[TimeControl "90 minutes for 40 moves + 30 minutes for the rest of the game + 30 seconds per move from move one."]
[BlackTitle "CM"]
[WhiteElo "1947"]
[BlackElo "2265"]

1. d4 Nf6 2. Nf3 d5 3. c4 e6 4. Bg5 Be7 5. e3 h6 6. Bh4 O-O 7. Nbd2 b6 8. Be2 Bb7 9. O-O Nbd7 10.
Rc1 c5 11. cxd5 Bxd5 12. a4 Ne4 13. Bxe7 Qxe7 14. Nxe4 Bxe4 15. a5 Rab8 16. Qa4 bxa5 17.
Qxa5 Rxb2 18. Nd2 Ba8 19. dxc5 Nxc5 20. Qxc5 Qxc5 21. Rxc5 Rxd2 22. Bf3 Bxf3 23.
gxf3 Ra2 24. Rfc1 Rd8 25. Rc8 Rad2 26. R1c7 a5 27. Rxd8+ Rxd8 28. Ra7 Rd5 29. Ra8+ Kh7 30. Kg2 Kg6 31.
Ra7 Rg5+ 32. Kf1 Rb5 33. Kg2 Kf6 34. f4 g5 35. fxg5+ hxg5 36. Kf3 Kg6 37. Ra6 Kf5 38. e4+ Ke5 39.
Ke3 Rb3+ 40. Ke2 Ra3 41. f3 Kf4 42. Ra7 f5 43. exf5 exf5 44. Ra6 Ra2+ 0-1

[Event "Schack-SM 2023: Sverigemastarklassen"]
[Site "Helsingborg Arena, Mellersta Stenbocksgatan 14, Helsingborg, Sweden"]
[Date "2023.07.07"]
[Round "7.2"]
[White "Seo, Jung Min"]
[Black "Ernst, Thomas"]
[Result "1-0"]
[TimeControl "90 minutes for 40 moves + 30 minutes for the rest of the game + 30 seconds per move from move one."]
[WhiteTitle "IM"]
[BlackTitle "GM"]
[WhiteFideId "1734687"]
[BlackFideId "1700065"]
[WhiteElo "2469"]
[BlackElo "2288"]

1. d4 Nf6 2. c4 g6 3. h4 c5 4. d5 d6 5. Nc3 Bg7 6. e4 e6 7. Be2 exd5 8. exd5 Qe7 9. Nf3 O-O 10.
O-O Re8 11. Re1 Bg4 12. Bf4 Nh5 13. Bh2 Bxc3 14. bxc3 Nd7 15. Qd2 Bxf3 16. Bxf3 Qxh4 17. Bxd6 Nhf6 18. Bf4 Rxe1+ 19. Rxe1 Re8 20.
Rxe8+ Nxe8 21. Qe3 Qd8 22. d6 b6 23. Bc6 Nef6 24. Qe7 Qc8 25. Ba4 Kg7 26. Bg5 h6 27. Bxf6+ Nxf6 28. d7 Nxd7 29.
Qxd7 Qa6 30. Bb3 Qa5 31. Qd2 Qa6 32. g3 Qb7 33. Bd1 Qe4 34. Be2 h5 35. Bf1 Qf5 36. Bg2 h4 37. Bd5 hxg3 38.
fxg3 Qe5 39. Kg2 f5 40. Kf2 Qe8 41. Qe2 Qa4 42. Kg2 Qa3 43. Qe7+ Kh6 44. Qf8+ Kg5 45. Qd8+ Kh6 46. Qh8+ 1-0

[ePGN "0.1;DGT LiveChess/2.2.5"]

[Event "Schack-SM 2023: Mastarklassen-elit"]
[Site "Helsingborg Arena, Mellersta Stenbocksgatan 14, Helsingborg, Sweden"]
[Date "2023.07.07"]
[Round "7.1"]
[White "Lind, Jan-Olov"]
[Black "Crevatin, Leo"]
[Result "0-1"]
[TimeControl "90 minutes for 40 moves + 30 minutes for the rest of games + 30 seconds per move from move one."]
[BlackTitle "FM"]
[WhiteElo "2191"]
[BlackElo "2265"]

1. e4 c6 2. d4 d5 3. exd5 cxd5 4. c4 Nf6 5. Nc3 Nc6 6. Bf4 g6 7. Nb5 e5 8. dxe5 Bb4+ 9. Bd2 Bxd2+ 10. Qxd2 Nxe5 11. Qb4 Qe7 12. Qxe7+ Kxe7 13. Nc7 Rb8 14. Nxd5+ Nxd5 15. cxd5 Bf5 16. Rd1 Kd6 17. Nf3 Rhe8 18.
Kd2 Nxf3+ 19. gxf3 Rbc8 20. Bd3 Bxd3 21. Kxd3 Rc5 22. Rhe1 Rxe1 23. Rxe1 Rxd5+ 24. Kc3 Rh5 25. Re8 Rxh2 26.
Rb8 Rxf2 27. Rxb7 Rxf3+ 28. Kc4 a5 29. Kb5 Rf5+ 30. Ka4 Kc6 31. Rb8 h5 32. Rh8 Rf2 33. Kxa5 Rxb2 34. a4 Kb7 35.
Rxh5 Rf2 36. Rg5 Rf6 37. Kb5 Rb6+ 38. Ka5 f5 39. Rg1 Rf6 40. Rb1+ Kc7 41. Rb6 Rc6 42. Rb1 f4 43. Kb5 Rb6+ 0-1

[Event "Schack-SM 2023: Junior-SM"]
[Site "Helsingborg Arena, Mellersta Stenbocksgatan 14, Helsingborg, Sweden"]
[Date "2023.07.07"]
[Round "7.4"]
[White "Carlsson, Ludvig"]
[Black "Falkevall, Axel"]
[Result "1/2-1/2"]
[TimeControl "90 minutes for 40 moves + 30 minutes for the rest of the game + 30 seconds per move from move one."]
[WhiteTitle "IM"]
[BlackTitle "FM"]
[WhiteElo "2373"]
[BlackElo "2311"]

1. e4 e5 2. Nf3 Nc6 3. Bb5 a6 4. Ba4 Nf6 5. O-O Be7 6. Re1 b5 7. Bb3 O-O 8. c3 d5 9. exd5 Nxd5 10.
Nxe5 Nxe5 11. Rxe5 c6 12. d3 Bd6 13. Re1 Bf5 14. Qf3 Re8 15. Rxe8+ Qxe8 16. Nd2 Qe1+ 17. Nf1 Bg6 18. g3 b4 19.
c4 Nf6 20. Qxc6 Rd8 21. Qb6 Rd7 22. Bc2 Ng4 23. Rb1 Qe2 24. Bd2 Ne5 25. Qe3 Qh5 26. Bd1 Qf5 27. c5 Bf8 28. Be2 Nxd3 29.
c6 Rc7 30. Bxd3 Qxd3 31. Rc1 Qd5 32. Qb6 Qf3 33. Qe3 Be4 34. Qxf3 Bxf3 35. a3 bxa3 36. bxa3 Rxc6 37. Rxc6 Bxc6 38.
Bb4 g6 39. Bxf8 Kxf8 40. Ne3 Ke7 41. Kf1 Bb5+ 42. Ke1 Kd6 43. Kd2 Ke5 44. Ng4+ Kd4 45. h4 h5 46. Ne3 Ke4 47. Nc2 f6 48.
Ne1 Kd4 49. Ng2 Bd7 50. Nf4 Bf5 51. f3 Kc4 52. g4 hxg4 53. fxg4 Bxg4 1/2-1/2

[Event "Schack-SM 2023: Sverigemastarklassen"]
[Site "Helsingborg Arena, Mellersta Stenbocksgatan 14, Helsingborg, Sweden"]
[Date "2023.07.07"]
[Round "7.3"]
[White "Kucuksari, Kaan"]
[Black "Hillarp Persson, Tiger"]
[Result "0-1"]
[TimeControl "90 minutes for 40 moves + 30 minutes for the rest of the game + 30 seconds per move from move one."]
[WhiteTitle "IM"]
[BlackTitle "GM"]
[WhiteFideId "6380166"]
[BlackFideId "1700812"]
[WhiteElo "2512"]
[BlackElo "2493"]

1. d4 e6 2. Nf3 f5 3. g3 Nf6 4. Bg2 d5 5. O-O Bd6 6. c4 c6 7. Nc3 O-O 8. Bg5 h6 9. Bf4 Bxf4 10.
gxf4 Bd7 11. Ne5 Be8 12. b4 Nbd7 13. cxd5 cxd5 14. Rc1 Ne4 15. Nxe4 fxe4 16. Nxd7 Bxd7 17. e3 Bb5 18. Re1 Qh4 19.
Qc2 Bd3 20. Qc7 Rf6 21. Qe7 Rxf4 22. Qxh4 Rxh4 23. Rc7 b5 24. Rec1 Bc4 25. Re7 a5 26. a3 axb4 27. axb4 Ra6 28.
h3 Rh5 29. Rc2 Rf5 30. Kh2 Kf8 31. Rb7 Rf7 32. Rb8+ Ke7 33. h4 Kf6 34. f3 exf3 35. Rf2 Raa7 36. Re8 Rfe7 37. Bxf3 Kg6 38.
Rb8 Rf7 39. Rg2+ Kh7 40. Bh5 Rf6 41. Be8 Bd3 42. h5 Be4 43. Rxb5 Bxg2 44. Kxg2 Ra3 45. Bg6+ Kg8 46. e4 dxe4 47.
Bxe4 Rf4 48. Bg6 Kf8 49. Rb7 Rxd4 50. b5 Rd2+ 0-1

[Event "Schack-SM 2023: Mastarklassen-elit"]
[Site "Helsingborg Arena, Mellersta Stenbocksgatan 14, Helsingborg, Sweden"]
[Date "2023.07.07"]
[Round "7.2"]
[White "Thorn, Eric"]
[Black "Olund, Joar"]
[Result "1-0"]
[TimeControl "90 minutes for 40 moves + 30 minutes for the rest of games + 30 seconds per move from move one."]
[WhiteTitle "FM"]
[BlackTitle "FM"]
[WhiteElo "2379"]
[BlackElo "2399"]

1. c4 c5 2. Nf3 Nf6 3. Nc3 Nc6 4. d4 cxd4 5. Nxd4 e6 6. a3 Qb6 7. Ndb5 Bc5 8. e3 Be7 9. Nd6+ Bxd6 10.
Qxd6 Na5 11. Qxb6 axb6 12. Nb5 Kd8 13. Bd2 Nb3 14. Rd1 Nxd2 15. Rxd2 Ke7 16. Be2 d5 17. cxd5 Nxd5 18. Bf3 Ra5 19.
Nd4 Nf6 20. Ne2 Bd7 21. Bxb7 Rb8 22. Bf3 b5 23. Nc3 b4 24. axb4 Rxb4 25. O-O Bc8 26. Rc1 Bb7 27. Ne2 Ke8 28.
h3 Bxf3 29. gxf3 Rg5+ 30. Kf1 Rd5 31. Rcc2 Rxd2 32. Rxd2 Nd7 33. Nd4 Rb6 34. f4 g6 35. Rc2 e5 36. fxe5 Nxe5 37. b3 Kd7 38.
Ke2 g5 39. Ra2 Rb7 40. Ra5 Kd6 41. Nf5+ Ke6 42. Nd4+ Kd6 43. Ra6+ Ke7 44. Rh6 Ra7 45. Rxh7 g4 46. Kd2 Nf3+ 47.
Kd3 Ra2 48. hxg4 Ne5+ 49. Kc3 Nxg4 50. Nf5+ Kf6 51. f3 Nh2 52. Nd4 Nf1 53. Nc2 Ra8 54. Rh3 Rd8 55. b4 Rc8+ 56. Kd3 Rd8+ 57.
Nd4 Re8 58. f4 Ra8 59. Ke2 Ra1 60. b5 Ke7 61. b6 Kd7 62. Rh7 Ng3+ 63. Kf3 Nf1 64. Rxf7+ Ke8 65. Ra7 1-0

[Event "Schack-SM 2023: Junior-SM"]
[Site "Helsingborg Arena, Mellersta Stenbocksgatan 14, Helsingborg, Sweden"]
[Date "2023.07.07"]
[Round "7.5"]
[White "Wernberg, Hugo"]
[Black "Lindholm, Gustav"]
[Result "1-0"]
[TimeControl "90 minutes for 40 moves + 30 minutes for the rest of the game + 30 seconds per move from move one."]
[WhiteTitle "FM"]
[WhiteElo "2217"]
[BlackElo "2155"]

1. d4 d5 2. c4 c6 3. Nf3 Nf6 4. cxd5 cxd5 5. Nc3 Nc6 6. Bf4 a6 7. Rc1 e6 8. e3 Bd6 9. Bg3 Bxg3 10.
hxg3 Bd7 11. Bd3 Rc8 12. a3 Na5 13. Ne5 Nc4 14. Qe2 b5 15. f4 Nd6 16. Kf2 Nfe4+ 17. Bxe4 dxe4 18. Qg4 g6 19.
Rh2 Nc4 20. Rch1 Nxe5 21. fxe5 h5 22. Qxe4 Bc6 23. Qf4 a5 24. Ne4 Bxe4 25. Qxe4 Qc7 26. Re1 Qc2+ 27. Qxc2 Rxc2+ 28. Re2 Rc1 29.
Re1 Rc2+ 30. Re2 Rc1 31. g4 h4 32. g5 Rh5 33. Kf3 Rxg5 34. Rxh4 Rf5+ 35. Ke4 Kd7 36. Rf4 Kc6 37. Rff2 Rf1 38.
Rc2+ Kb6 39. Rxf1 Rxf1 40. Kd3 Rd1+ 41. Rd2 Rc1 42. Rf2 Rc7 43. Rc2 Rd7 44. e4 Rd8 45. Rc1 Rd7 46. Rc8 a4 47.
Rb8+ Ka6 48. Rc8 Kb6 49. Rc3 Rd8 50. b3 axb3 51. Rxb3 Kc6 52. Kc3 Ra8 53. Kb2 Rd8 54. Rc3+ Kb6 55.
Rd3 Kc6 56. Kb3 Ra8 57. d5+ exd5 58. exd5+ Kc5 59. d6 Rd8 60. d7 g5 61. g4 Kc6 62. Kb4 Rxd7 63. Rxd7 Kxd7 64. Kxb5 Ke6 65.
a4 Kxe5 66. a5 f5 67. a6 fxg4 68. a7 1-0

[ePGN "0.1;DGT LiveChess/2.2.5"]

[Event "Schack-SM 2023: Veteran-SM 65+"]
[Site "Helsingborg Arena, Mellersta Stenbocksgatan 14, Helsingborg, Sweden"]
[Date "2023.07.07"]
[Round "7.1"]
[White "Carlsson, Ingvar"]
[Black "Soderberg, Per"]
[Result "1/2-1/2"]
[TimeControl "90 minutes for 40 moves + 30 minutes for the rest of games + 30 seconds per move from move one."]
[BlackTitle "CM"]
[WhiteElo "1998"]
[BlackElo "2111"]

1. e4 c5 2. Nf3 d6 3. d4 cxd4 4. Nxd4 Nf6 5. Nc3 a6 6. h3 e5 7. Nde2 h5 8. Bg5 Be7 9. Bxf6 Bxf6 10. Nd5 Nd7 11. Nec3 g6 12. Be2 Bg7 13. O-O O-O 14.
a4 b6 15. Qd2 Bb7 1/2-1/2

[ePGN "0.1;DGT LiveChess/2.2.5"]

[Event "Schack-SM 2023: Veteran-SM 50+"]
[Site "Helsingborg Arena, Mellersta Stenbocksgatan 14, Helsingborg, Sweden"]
[Date "2023.07.07"]
[Round "7.1"]
[White "Eriksson, Bengt"]
[Black "Wahlund, Max"]
[Result "1-0"]
[TimeControl "90 minutes for 40 moves + 30 minutes for the rest of games + 30 seconds per move from move one."]
[BlackTitle "CM"]
[WhiteElo "2016"]
[BlackElo "2002"]

1. d4 c5 2. d5 Nf6 3. Nc3 e5 4. e4 d6 5. a4 Be7 6. Nf3 Bg4 7. h3 Bxf3 8. Qxf3 Nbd7 9. Nd1 a6 10. Ne3 g6 11. g3 b5 12. c4 b4 13. b3 h5 14. h4 Bf8 15. Bh3 Bh6 16. O-O Qe7 17.
a5 O-O-O 18. Nc2 Bxc1 19. Rfxc1 Kb7 20. Ne3 Rdf8 21. Re1 Ne8 22. Rad1 Ng7 23. Bxd7 Qxd7 24. Qf6 Ne8 25. Qg5 Rfg8 26.
Nc2 f6 27. Qe3 Qc7 28. Kg2 Qxa5 29. Ra1 Qd8 30. Nxb4 cxb4 31. Rxa6 Kxa6 32. Ra1+ Kb7 33. Qa7+ Kc8 34. Qa8+ Kd7 35.
Ra7+ Qc7 36. Qc6+ Kd8 37. Ra8+ Ke7 38. Rxe8+ Rxe8 39. Qxc7+ Kf8 40. c5 1-0

[Event "Schack-SM 2023: Sverigemastarklassen"]
[Site "Helsingborg Arena, Mellersta Stenbocksgatan 14, Helsingborg, Sweden"]
[Date "2023.07.07"]
[Round "7.4"]
[White "Olsson, William"]
[Black "Hector, Jonny"]
[Result "1-0"]
[TimeControl "90 minutes for 40 moves + 30 minutes for the rest of the game + 30 seconds per move from move one."]
[WhiteTitle "FM"]
[BlackTitle "GM"]
[WhiteFideId "1741721"]
[BlackFideId "1700090"]
[WhiteElo "2383"]
[BlackElo "2481"]

1. c4 e5 2. g3 Nf6 3. Bg2 c6 4. Nf3 e4 5. Nd4 d5 6. cxd5 Qxd5 7. Nc2 Qh5 8. Ne3 Bh3 9. Nc3 Bc5 10.
Nxe4 Bxe3 11. Nxf6+ gxf6 12. Bxh3 Bxf2+ 13. Kxf2 Qxh3 14. Qb3 Nd7 15. d4 O-O 16. Qxb7 Rfe8 17. Qxc6 Rac8 18. Qf3 Rc2 19.
Be3 f5 20. Qf4 h6 21. Rac1 Rxc1 22. Bxc1 Nf6 23. Qf3 Rc8 24. Bf4 Rc2 25. Rc1 Qxh2+ 26. Kf1 Rxb2 27. Be5 Ne8 28. g4 Qh4 29.
gxf5 Qg5 30. Bf4 Qxf5 31. Rc5 Qg6 32. Kf2 Nf6 33. Rc8+ Kh7 34. Bc1 Rxa2 35. d5 Ne4+ 36. Ke3 Ng3 37.
Rc6 Rxe2+ 38. Kd4 Nf5+ 39. Kd3 Ng3+ 40. Rxg6 1-0

[Event "Schack-SM 2023: Mastarklassen-elit"]
[Site "Helsingborg Arena, Mellersta Stenbocksgatan 14, Helsingborg, Sweden"]
[Date "2023.07.07"]
[Round "7.3"]
[White "Soderstrom, Adrian"]
[Black "Wiedenkeller, Michael"]
[Result "1/2-1/2"]
[TimeControl "90 minutes for 40 moves + 30 minutes for the rest of games + 30 seconds per move from move one."]
[WhiteTitle "FM"]
[BlackTitle "IM"]
[WhiteElo "2311"]
[BlackElo "2445"]

1. e4 e5 2. Nf3 Nc6 3. Bb5 Nf6 4. O-O Nxe4 5. d4 Nd6 6. dxe5 Nxb5 7. a4 Nbd4 8. Nxd4 d5 9. exd6 Nxd4 10.
Qxd4 Qxd6 11. Qe4+ Qe6 12. Qd4 Qd6 13. Qe4+ Qe6 1/2-1/2

[ePGN "0.1;DGT LiveChess/2.2.5"]

[Event "Schack-SM 2023: Mastarklassen"]
[Site "Helsingborg Arena, Mellersta Stenbocksgatan 14, Helsingborg, Sweden"]
[Date "2023.07.07"]
[Round "7.1"]
[White "Jogstad, Daniel"]
[Black "Lundin, Jan"]
[Result "0-1"]
[TimeControl "90 minutes for 40 moves + 30 minutes for the rest of games + 30 seconds per move from move one."]
[WhiteTitle "CM"]
[BlackTitle "FM"]
[WhiteElo "2131"]
[BlackElo "2203"]

1. Nf3 d5 2. d4 e6 3. g3 c5 4. c4 Nc6 5. cxd5 exd5 6. Bg2 c4 7. O-O Bb4 8. Nc3 Nge7 9. e4 Bxc3 10.
bxc3 O-O 11. Re1 dxe4 12. Nd2 f5 13. f3 Nd5 14. Kh1 Nxc3 15. Qc2 exf3 16. Nxf3 Ne4 17. Qxc4+ Kh8 18. Rb1 Na5 19.
Qf1 Be6 20. Nd2 Bxa2 21. Rb5 Nxd2 22. Bxd2 Bc4 23. Bxa5 Bxf1 24. Bxd8 Bxb5 25. Be7 Rfe8 26. Re5 Rxe7 27. Rxe7 Re8 28.
Rxe8+ Bxe8 29. Bxb7 Kg8 30. Ba6 Bc6+ 31. Kg1 Bd5 32. Kf2 Kf7 33. Ke3 Kf6 34. Kf4 g5+ 35. Ke3 h6 36. h4 f4+ 37.
gxf4 gxh4 38. Kf2 Kf5 39. Ke3 Kg4 40. Kf2 Kxf4 0-1

[Event "Schack-SM 2023: Veteran-SM 65+"]
[Site "Helsingborg Arena, Mellersta Stenbocksgatan 14, Helsingborg, Sweden"]
[Date "2023.07.07"]
[Round "7.2"]
[White "Ivarsson, Torbjorn"]
[Black "Hedin, Gunnar"]
[Result "1/2-1/2"]
[TimeControl "90 minutes for 40 moves + 30 minutes for the rest of games + 30 seconds per move from move one."]
[WhiteElo "2073"]
[BlackElo "2093"]

1. e4 e6 2. d4 d5 3. exd5 exd5 4. Nf3 Bd6 5. Bd3 Nc6 6. Nc3 Nge7 7. Nb5 Bg4 8. c3 a6 9. Nxd6+ Qxd6 10.
h3 Bf5 11. Be3 Bxd3 12. Qxd3 Qg6 13. Qxg6 Nxg6 14. Kd2 f6 1/2-1/2

[Event "Schack-SM 2023: Veteran-SM 50+"]
[Site "Helsingborg Arena, Mellersta Stenbocksgatan 14, Helsingborg, Sweden"]
[Date "2023.07.07"]
[Round "7.2"]
[White "Karlsson, Ulf"]
[Black "Moborn, Anders"]
[Result "1-0"]
[TimeControl "90 minutes for 40 moves + 30 minutes for the rest of games + 30 seconds per move from move one."]
[WhiteElo "1968"]
[BlackElo "1956"]

1. e4 e6 2. d4 d5 3. Nd2 Nf6 4. e5 Nfd7 5. Bd3 c5 6. c3 Nc6 7. Ne2 cxd4 8. cxd4 f6 9. exf6 Nxf6 10.
O-O Bd6 11. Nf3 O-O 12. Bf4 Bxf4 13. Nxf4 Ne4 14. Ne2 Rxf3 15. gxf3 Ng5 16. Kh1 Nxf3 17. Bxh7+ Kh8 18. Ng1 Nxh2 19.
Qh5 Nxf1 20. Nh3 Qc7 21. Bd3+ Kg8 22. Qe8# 1-0

[Event "Schack-SM 2023: Sverigemastarklassen"]
[Site "Helsingborg Arena, Mellersta Stenbocksgatan 14, Helsingborg, Sweden"]
[Date "2023.07.07"]
[Round "7.5"]
[White "Sivuk, Vitaly"]
[Black "Blomqvist, Erik"]
[Result "1-0"]
[TimeControl "90 minutes for 40 moves + 30 minutes for the rest of the game + 30 seconds per move from move one."]
[WhiteTitle "GM"]
[BlackTitle "GM"]
[WhiteFideId "14116502"]
[BlackFideId "1709437"]
[WhiteElo "2432"]
[BlackElo "2500"]

1. e4 e6 2. d4 d5 3. Nd2 c5 4. Ngf3 Nc6 5. exd5 exd5 6. Bb5 Qe7+ 7. Be2 Qc7 8. O-O Nf6 9. Re1 cxd4 10.
Nb3 Bb4 11. Bd2 Bxd2 12. Qxd2 O-O 13. Nfxd4 Bd7 14. Rad1 Qb6 15. Nxc6 Bxc6 16. Qd4 Qxd4 17. Nxd4 Bd7 18. f3 h5 19.
h4 Rfe8 20. Kf2 Kf8 21. c3 Re5 22. Bd3 Rae8 23. Rxe5 Rxe5 24. Bc2 Ke7 25. Bb3 a5 26. a3 Kd6 27. Nc2 Kc5 28. Ne3 Bc6 29.
Bc2 Re8 30. b4+ axb4 31. cxb4+ Kb6 32. a4 Rc8 33. Bb3 Be8 34. Rd4 Rc3 35. Nxd5+ Nxd5 36. a5+ Kb5 37. Bxd5 Rc7 38. Be4 Bd7 39.
Bd3+ Ka4 40. Ke3 Be6 41. Kd2 g6 42. g4 hxg4 43. fxg4 Rc8 44. h5 gxh5 45. gxh5 Rh8 46. Rh4 Rh6 47.
a6 bxa6 48. b5+ Ka5 49. bxa6 Bd5 50. Be2 Kb6 51. Ke3 Ka7 52. Rd4 Bc6 53. Kf4 f6 54. Rd8 Ba4 55. Rg8 Rh7 56. Rf8 Rh6 57.
Rf7+ Kb6 58. Rb7+ 1-0

[Event "Schack-SM 2023: Mastarklassen-elit"]
[Site "Helsingborg Arena, Mellersta Stenbocksgatan 14, Helsingborg, Sweden"]
[Date "2023.07.07"]
[Round "7.4"]
[White "Lindberg, Bengt"]
[Black "Torngren, Gustav"]
[Result "1-0"]
[TimeControl "90 minutes for 40 moves + 30 minutes for the rest of games + 30 seconds per move from move one."]
[WhiteTitle "IM"]
[BlackTitle "FM"]
[WhiteElo "2353"]
[BlackElo "2297"]

1. e4 e5 2. Nf3 Nc6 3. Nc3 Nf6 4. Bb5 Nd4 5. Nxd4 exd4 6. e5 dxc3 7. exf6 Qxf6 8. dxc3 Bc5 9. O-O O-O 10.
Qh5 Qb6 11. Bd3 g6 12. Qf3 Be7 13. Bh6 Rd8 14. Rae1 Qf6 15. Qe3 Re8 16. Bg5 Qxg5 17. Qxg5 Bxg5 18. Rxe8+ Kg7 19. f4 Bf6 20. g4 h6 21. Bc4 Bh4 22.
Kg2 b5 23. Kh3 Bf6 24. Bxb5 c6 25. Bd3 d5 26. Kg3 Rb8 27. h4 g5 28. fxg5 hxg5 29. h5 1-0

[Event "Schack-SM 2023: Mastarklassen"]
[Site "Helsingborg Arena, Mellersta Stenbocksgatan 14, Helsingborg, Sweden"]
[Date "2023.07.07"]
[Round "7.2"]
[White "Nygren, David"]
[Black "Cederstam, Carl"]
[Result "0-1"]
[TimeControl "90 minutes for 40 moves + 30 minutes for the rest of games + 30 seconds per move from move one."]
[BlackTitle "FM"]
[WhiteElo "2157"]
[BlackElo "2196"]

1. d4 e6 2. Nf3 d5 3. c4 Nf6 4. Nc3 h6 5. Qc2 c5 6. cxd5 exd5 7. e3 a6 8. a3 Nc6 9. dxc5 Bxc5 10.
b4 Ba7 11. Be2 O-O 12. O-O Be6 13. Bb2 Qe7 14. Rad1 Rfd8 15. Nd4 Nxd4 16. exd4 Bg4 17. Rfe1 Re8 18. Qd2 Qd6 19. g3 Bxe2 20.
Rxe2 Qd7 21. Kg2 Rxe2 22. Qxe2 Qf5 23. Rd2 Rc8 24. f3 h5 25. Qe5 Qg6 26. h4 Rc4 27. Qe3 Qf5 28. Na4 Bb8 29.
Nb6 Rc6 30. Na4 b6 31. Qf2 Nd7 32. Re2 Rg6 33. Re8+ Kh7 34. Re5 Nxe5 35. dxe5 Bxe5 36. Bxe5 Qxe5 37. Nxb6 f5 38. Nd7 Qe7 39.
Nc5 f4 40. Qc2 fxg3 41. Nd3 Qxh4 42. Kg1 g2 0-1